 Seeded DCSS version 0.31-a0-771-g505c3d19dc (webtiles) character file.

Game seed: 15337894225711264994 (custom seed)

278 CarvArkoylaein the Slasher (level 6, -3/47 HPs)
             Began as a Merfolk Gladiator on Sept 16, 2023.
             Slain by Crazy Yiuf
             ... wielding a +3 quarterstaff of chaos
              (11 damage)
             ... on level 3 of the Dungeon.
             The game lasted 00:10:46 (2985 turns).

CarvArkoylaein the Slasher (Merfolk Gladiator)      Turns: 2985, Time: 00:10:47

Health: -3/47      AC:  5    Str: 17    XL:     6   Next: 26%
Magic:  6/6        EV: 14    Int: 13    God:
Gold:   212        SH:  0    Dex: 15    Spells: 5/5 levels left

rFire   . . .        a - +0 long sword
rCold   . . .        (no shield)
rNeg    . . .        b - +1 leather armour
rPois   .            c - +0 helmet
rElec   .            (no cloak)
rCorr   .            (no gloves)
SInv    .            (no boots)
Will    .....        (no amulet)
Stlth   ++           g - +6 ring of intelligence
HPRegen 0.27/turn    (no ring)
MPRegen 0.10/turn

%: no passive effects
@: no status effects
A: (nimble swimmer 2), mertail
a: no special abilities


You were on level 3 of the Dungeon.
You visited 1 branch of the dungeon, and saw 3 of its levels.

You collected 212 gold pieces.

Inventory:

Hand Weapons
 a - a +0 long sword (weapon)
Missiles
 d - a throwing net
 e - a javelin
Armour
 b - a +1 leather armour (worn)
 c - a +0 helmet (worn)
Jewellery
 g - a +6 ring of intelligence (left hand)
Talismans
 o - a dragon-blood talisman
Scrolls
 f - a scroll of enchant armour
 h - 3 scrolls of identify
 k - a scroll of vulnerability
 n - a scroll of fear (quivered) {unknown}
 p - a scroll of brand weapon {unknown}
Potions
 i - a potion of cancellation
 j - 2 potions of brilliance
 l - a potion of heal wounds
 m - 2 potions of haste


   Skills:
 + Level 3.1 Fighting
 + Level 5.9 Long Blades
 + Level 2.1 Throwing
 + Level 1.2 Armour
 + Level 5.5 Dodging
 + Level 1.8 Stealth


You had 5 spell levels left.
You didn't know any spells.
Your spell library contained the following spells:

 Spells                   Type           Power      Damage    Failure   Level
 Sublimation of Blood     Necr           0%         N/A       50%         2
 Wereblood                Tmut           0%         N/A       50%         2
 Petrify                  Tmut/Erth      0%         N/A       98%         4
 Irradiate                Conj/Tmut      0%         3d11      100%        5
 Summon Hydra             Summ           0%         N/A       100%        7


Dungeon Overview and Level Annotations

Branches:
Dungeon (3/15)

Altars:
Wu Jian

Annotations:
D:3 Crazy Yiuf


Innate Abilities, Weirdness & Mutations

((You are very nimble when in or above water. (Stealth+, EV+, Speed+++)))
Your lower body shifts to a powerful aquatic tail in water.


Message History

You see here 4 poisoned darts.
Key pressed, stopping explore.
No target in view!
Crazy Yiuf shouts!
No reachable target in view!
No reachable target in view!
You open the door. You closely miss Crazy Yiuf. Crazy Yiuf misses you.
You hit Crazy Yiuf but do no damage. Crazy Yiuf closely misses you.
Crazy Yiuf screams, "Announcement forty-two hand!"
Crazy Yiuf closely misses you.
You barely miss Crazy Yiuf.
Crazy Yiuf hits you with a +3 quarterstaff of chaos.
Crazy Yiuf freezes you.
You barely miss Crazy Yiuf. Crazy Yiuf barely misses you.
You completely miss Crazy Yiuf. You punch Crazy Yiuf.
Crazy Yiuf is lightly wounded.
Crazy Yiuf hits you with a +3 quarterstaff of chaos!
You resist with some effort.
You barely miss Crazy Yiuf.
Crazy Yiuf is lightly wounded.
Crazy Yiuf hits you with a +3 quarterstaff of chaos.
Crazy Yiuf freezes you.
You hit Crazy Yiuf.
Crazy Yiuf is moderately wounded.
Crazy Yiuf barely misses you.
You hit Crazy Yiuf.
Crazy Yiuf is heavily wounded.
Crazy Yiuf barely misses you.
You closely miss Crazy Yiuf.
Crazy Yiuf is heavily wounded.
Crazy Yiuf hits you with a +3 quarterstaff of chaos!
You are confused.
You're too confused to move!
Crazy Yiuf misses you.
You bump into the tree.
You feel less confused.
Crazy Yiuf hits you with a +3 quarterstaff of chaos!
* * * LOW HITPOINT WARNING * * *
You are electrocuted!
You die...

###
#.........###.#
#.#..
###.#####.....#
#.#.# #########
#.# #.....# #.#..
........# ###
############.###
........#
#......###
.#########♣♣♣♣♣
#.######.. .#
##....♣.♣♣♣ ###
#.# #.# .#
##......♣..♣#...#
#.# #.# .#
##......♣♣♣♣@g...#
#.# #.#
.####......♣♣
♣♣#..)# #.# #.#
........##♣♣ ###
#.# #.# #######.#
#.# #.. #.# #.#
### #.# ### ###.#
#.# #.#
#.#.######## #.#
#.# #.#.........
#.# #.#
#.##########


You could see Crazy Yiuf.

Vanquished Creatures
  A water moccasin (D:3)
  A scorpion (D:3)
  Robin (D:3)
  2 adders (D:2)
  2 dart slugs
  7 endoplasms
  5 giant cockroaches
  16 goblins
  11 hobgoblins
  4 jackals (D:1)
  3 quokkas
  8 ball pythons
  7 bats
  2 frilled lizards (D:2)
  5 kobolds
  3 rats
78 creatures vanquished.

Notes
Turn   | Place    | Note
-------+----------+-------------------------------------------
     0 | D:1      | CarvArkoylaein the Merfolk Gladiator began the quest for
                  | the Orb.
     0 | D:1      | Reached XP level 1. HP: 16/16 MP: 1/1
    98 | D:1      | Reached XP level 2. HP: 22/22 MP: 2/2
   384 | D:1      | Reached XP level 3. HP: 28/28 MP: 3/3
   900 | D:2      | Reached skill level 5 in Dodging
  1092 | D:2      | Reached XP level 4. HP: 34/34 MP: 4/4
  1849 | D:3      | Identified the +0 hat of Compression {rN+}
  1962 | D:3      | Noticed a water moccasin
  1978 | D:3      | Killed a water moccasin
  1979 | D:3      | Reached skill level 5 in Long Blades
  1979 | D:3      | Reached skill level 1 in Stealth
  1979 | D:3      | Reached XP level 5. HP: 15/40 MP: 5/5
  2142 | D:3      | Found an ornate altar of the Wu Jian Council.
  2198 | D:3      | Noticed Robin
  2218 | D:3      | Killed Robin
  2393 | D:3      | Reached skill level 1 in Armour
  2633 | D:3      | Reached XP level 6. HP: 47/47 MP: 6/6
  2665 | D:3      | Found a runed translucent door.
  2666 | D:3      | Noticed Crazy Yiuf
  2985 | D:3      | Slain by Crazy Yiuf

Illustrated notes

Levels and vault maps discovered:
D:1:      shiori_arrival_elements, layout_loops_ring
D:2:      layout_basic
D:3:      layout_basic, mainiacjoe_overflow_catwalk, uniq_robin,
          uniq_crazy_yiuf_cottage

Skill      XL: |  1  2  3  4  5 |
---------------+----------------+-----
Long Blades    | 4 5 |  5.9
Dodging        | 5 |  5.5
Stealth        | 1 |  1.8
Fighting       | 3 |  3.1
Armour         | 1 |  1.2
Throwing       | |  2.1

Action                     |  1- 3 |  4- 6 || total
---------------------------+-------+-------++-------
  Melee: Long sword        |    81 |   105 ||   186
         Punch             |     1 |     1 ||     2
  Throw: Throwing net      |     2 |       ||     2
    Use: Scroll            |     3 |     1 ||     4
         Potion            |     5 |     5 ||    10
   Stab: Sleeping          |     2 |     4 ||     6
 Armour: Leather armour    |    56 |    57 ||   113
         Skin              |       |    51 ||    51
  Dodge: Dodged            |    75 |    88 ||   163

Table legend: (Time is in decaauts)
 A = Elapsed time spent in this place.
 B = Non-inter-level travel time spent in this place.
 C = Inter-level travel time spent in this place.
 D = Time resting spent in this place.
 E = Time spent auto-exploring this place.
 F = Levels seen in this place.
 G = Mean time per level.
                   A        B        C        D        E       F      G
               +--------+--------+--------+--------+--------+-----+--------+
         Total |   3007 |   2367 |    640 |    192 |   1676 |   3 | 1002.3 |
       Dungeon |   3007 |   2367 |    640 |    192 |   1676 |   3 | 1002.3 |
               +--------+--------+--------+--------+--------+-----+--------+

Top non-repeatable levels by time:
     D:3: 1377 daAuts
     D:2: 861 daAuts
     D:1: 767 daAuts
